 Dungeon Crawl Stone Soup version 0.20-a0-424-g64c2abb (webtiles) character file.

185 Firecrotchwizard the Skirmisher (level 5, 0/37 HPs)
             Began as a Halfling Berserker on Dec 8, 2016.
             Was a Believer of Trog.
             Slain by Sigmund
             ... wielding a +0 scythe
              (7 damage)
             ... on level 3 of the Dungeon.
             The game lasted 00:05:10 (2477 turns).

Firecrotchwizard the Skirmisher (HaBe)              Turns: 2477, Time: 00:05:11

Health: 0/37       AC: 11    Str: 19    XL:     5   Next: 96%
Magic:  5/5        EV:  9    Int:  5    God:    Trog [**....]
Gold:   195        SH:  0    Dex: 16    Spells: 4/4 levels left

rFire  . . .     SeeInvis .     a - +0 falchion
rCold  . . .     Gourm    .     u - +0 plate armour
rNeg   . . .     Faith    .     (shield restricted)
rPois  .         Spirit   .     (no helmet)
rElec  .         Reflect  .     (no cloak)
rCorr  .         Harm     .     (no gloves)
MR     .....                    (no boots)
Stlth  ..........               (no amulet)
                                h - +2 ring of dexterity
                                (no ring)

@: exhausted, slowed, very slow
A: mutation resistance 1
a: Berserk, Trog's Hand, Burn Spellbooks, Renounce Religion


You were on level 3 of the Dungeon.
You worshipped Trog.
Trog was pleased with you.
You were not hungry.

You visited 1 branch of the dungeon, and saw 3 of its levels.

You collected 195 gold pieces.

Inventory:

Hand Weapons
 a - a +0 falchion (weapon)
Armour
 b - a +0 animal skin
 l - a +0 ring mail
 u - a +0 plate armour (worn)
Jewellery
 h - a +2 ring of dexterity (right hand)
Scrolls
 e - 2 scrolls of remove curse {unknown}
 f - a scroll of enchant armour {unknown}
 g - a scroll of identify {unknown}
 j - a scroll of noise {unknown}
 k - 2 scrolls of enchant weapon {unknown}
 o - a scroll of immolation {unknown}
 r - 2 scrolls of magic mapping {unknown}
 t - 2 scrolls of teleportation {unknown}
Potions
 d - a potion of magic {unknown}
 i - a potion of heal wounds {unknown}
 m - a potion of cancellation {unknown}
 n - 3 potions of curing {unknown}
 s - a potion of lignification {unknown}
Comestibles
 c - 2 bread rations
 p - 3 fruits
 q - 2 slices of pizza


   Skills:
 * Level 4.0 Fighting
 * Level 4.0 Long Blades
 + Level 3.1 Armour
 + Level 3.2 Dodging


You had 4 spell levels left.
You didn't know any spells.

Dungeon Overview and Level Annotations

Branches:
Dungeon (3/15)

Altars:
Xom

Annotations:
D:3 Sigmund


Innate Abilities, Weirdness & Mutations

You are small and have problems with some larger weapons.
You are somewhat resistant to further mutation.


Message History

Trog appreciates your killing of a magic user.
Your Fighting skill increases to level 4!
Your Long Blades skill increases to level 4!
You hear some strange, mumbled words.
A magic dart appears from out of thin air!
The magic dart hits you!
You miss something. You closely miss something.
You feel sick.
You are no longer poisoned.
Something hits you.
You hit something.
You are no longer berserk.
You are exhausted.
You feel yourself slow down.
You hit something. Something hits you but does no damage.
Your plate armour prevents you from hitting something.
Something hits you!
* * * LOW HITPOINT WARNING * * *
Something hits you!
You die...

#.....................#
############.#####.##########
...... #.# #.......... .....#
#.# #.#.####### .....$ #.#
#.#........ ##### #.#
#.######### # #.# #.# #
#.#.###)##### # ......{@)...#
# #.##.)......# # ##...=...#
# #.......# #.......#
#.).....# #.......# #.......#


There were no monsters in sight!

Vanquished Creatures
  2 orc wizards (D:3)
  8 adders
  2 worms (D:2)
  2 dart slugs
  2 leopard geckos (D:1)
  An orc (D:3)
  A ball python (D:1)
  A giant cockroach (D:2)
  5 hobgoblins
  6 jackals
  3 kobolds (D:1)
  3 bats
  2 frilled lizards
  4 goblins
  4 rats
46 creatures vanquished.

Notes
Turn   | Place    | Note
-------+----------+-------------------------------------------
     0 | D:1      | Firecrotchwizard the Halfling Berserker began the quest for the Orb.
     0 | D:1      | Reached XP level 1. HP: 15/15 MP: 1/1
   376 | D:1      | Reached XP level 2. HP: 20/20 MP: 2/2
   633 | D:1      | Reached XP level 3. HP: 23/25 MP: 3/3
  1272 | D:2      | Reached XP level 4. HP: 26/31 MP: 4/4
  1626 | D:2      | Found a shimmering altar of Xom.
  2163 | D:3      | Reached ** piety under Trog
  2201 | D:3      | Reached XP level 5. HP: 33/36 MP: 5/5
  2454 | D:3      | Noticed Sigmund
  2477 | D:3      | Slain by Sigmund

Vault maps used:
D:1:      mrwooster_arrival_arrow
D:2:      lemuel_doored_altar
D:3:      marbit_many_paths, old_standard_altar, uniq_robin, uniq_sigmund

Skill      XL: |  1  2  3  4  5 |
---------------+----------------+-----
Fighting       | 3 4 |  4.0
Armour         | 3 |  3.1
Dodging        | 3 |  3.2
Long Blades    | 4 |  4.0

Action                   |  1- 3 |  4- 6 || total
-------------------------+-------+-------++-------
Melee: Falchion          |   103 |   116 ||   219
Invok: Berserk           |       |     1 ||     1
       Trog's Hand       |       |     1 ||     1
 Stab: Distracted        |     1 |     1 ||     2
  Eat: Fruit             |     1 |       ||     1
       Chunk             |       |     3 ||     3
       Meat ration       |       |     1 ||     1
Armor: Animal skin       |     4 |       ||     4
       Ring mail         |    23 |     4 ||    27
       Plate armour      |       |    87 ||    87
Dodge: Dodged            |    79 |    79 ||   158
       Rpst.: Falchion   |    25 |    20 ||    45
